General information
- name: BNet
- type: Ladder team game (AT/RT)
- host: Battle.net
- saver: XtremelyDngerus
map: TwilightRuins
- players: 8
- length: 18:46
- speed: Fast
- version: 1.28 W3XP
- replay type: Public
» download(210 KB)
Players
team 1 (winner)

»
Which_Ones_Pink (
red | 77 APM | 1416 actions | 18:20)
4 Keeper of the Grove
2 Force of Nature
2 Thorns Aura
» actions
| Assign group hotkey | 33 | |
| Basic commands | 50 | |
| Build / train | 82 | |
| ESC pressed | 5 | |
| Enter build submenu | 33 | |
| Enter hero's abilities submenu | 4 | |
| Remove unit from queue | 2 | |
| Right click | 558 | |
| Select / deselect | 320 | |
| Select group hotkey | 231 | |
| Use ability | 98 | |
1416 total
» units
| Wisp | 34 | |
| Archer | 14 | |
| Goblin Shredder | 3 | |
| Chimaera | 1 | |
| Hippogryph | 5 | |
| Siege Engine | 1 | |
58 total
» upgrades
| Ultravision | 1 | |
| Strength of the Wild | 3 | |
| Plating | 2 | |
| Reinforced Hides | 1 | |
| Corrosive Breath | 1 | |
| Barrage | 1 | |
| Gunpowder | 1 | |
| Lumber Harvesting | 1 | |
11 total
» buildings
| Altar of Elders | 1 | |
| Ancient of War | 2 | |
| Moon Well | 14 | |
| Ancient of Wonders | 2 | |
| Tree of Life | 2 | |
| Hunter's Hall | 1 | |
| Ancient Protector | 10 | |
| Tree of Ages | 1 | |
| Tree of Eternity | 1 | |
| Ancient of Wind | 1 | |
| Chimaera Roost | 4 | |
| Workshop | 3 | |
| Farm | 7 | |
49 total
» build order
00:08 Altar of Elders
00:19 Ancient of War
00:35 Ancient of War
01:03 Moon Well
01:36 Moon Well
01:58 Ancient of Wonders
03:23 Tree of Life
03:55 Moon Well
04:48 Hunter's Hall
05:54 Ancient Protector
05:55 Ancient Protector
06:10 Ancient Protector
06:14 Ancient Protector
06:26 Ancient Protector
07:43 Tree of Ages
07:47 Ancient Protector
07:48 Ancient Protector
08:33 Moon Well
08:34 Moon Well
08:35 Moon Well
08:36 Moon Well
09:14 Ancient Protector
09:15 Ancient Protector
09:16 Ancient Protector
09:41 Moon Well
09:54 Moon Well
10:07 Tree of Eternity
10:53 Ancient of Wind
12:33 Chimaera Roost
12:33 Chimaera Roost
12:33 Chimaera Roost
12:37 Chimaera Roost
13:04 Workshop
13:08 Workshop
13:13 Workshop
13:17 Farm
13:18 Farm
13:19 Farm
13:19 Farm
13:19 Farm
15:54 Farm
15:55 Farm
16:06 Ancient of Wonders
16:08 Moon Well
16:09 Moon Well
16:10 Moon Well
16:11 Moon Well
16:12 Moon Well
17:37 Tree of Life
» items
| Lesser Clarity Potion | 3 | |
| Potion of Healing | 1 | |
4 total

»
temp3 (
blue | 92 APM | 1719 actions | 18:46)
4 Far Seer
2 Feral Spirit
2 Chain Lighting
2 Tauren Chieftain
1 War Stomp
1 Endurance Aura
» actions
| Assign group hotkey | 40 | |
| Basic commands | 322 | |
| Build / train | 62 | |
| ESC pressed | 5 | |
| Enter build submenu | 18 | |
| Enter hero's abilities submenu | 6 | |
| Give item / drop item | 2 | |
| Right click | 487 | |
| Select / deselect | 469 | |
| Select group hotkey | 235 | |
| Use ability | 73 | |
1719 total
» units
| Peon | 7 | |
| Grunt | 4 | |
| Troll Witch Doctor | 6 | |
| Tauren | 4 | |
| Rifleman | 5 | |
| Spell Breaker | 2 | |
| Flying Machine | 10 | |
38 total
» upgrades
| Melee Weapons | 1 | |
| Witch Doctor Training | 2 | |
| Armor | 1 | |
| Pulverize | 1 | |
| Masonry | 1 | |
| Flak Cannons | 1 | |
7 total
» buildings
| Altar of Storms | 1 | |
| Orc Burrow | 10 | |
| Barracks | 1 | |
| Voodoo Lounge | 1 | |
| Stronghold | 1 | |
| War Mill | 1 | |
| Fortress | 1 | |
| Spirit Lodge | 1 | |
| Tauren Totem | 2 | |
| Farm | 1 | |
| Guard Tower | 1 | |
21 total
» build order
00:11 Altar of Storms
00:21 Orc Burrow
00:52 Barracks
01:30 Orc Burrow
02:00 Voodoo Lounge
03:31 Stronghold
04:11 Orc Burrow
04:45 War Mill
05:56 Fortress
05:59 Spirit Lodge
08:40 Tauren Totem
08:42 Tauren Totem
09:53 Orc Burrow
10:50 Orc Burrow
11:23 Farm
12:11 Guard Tower
13:03 Orc Burrow
15:45 Orc Burrow
15:46 Orc Burrow
15:48 Orc Burrow
15:49 Orc Burrow
» items
| Healing Salve | 2 | |
| Lesser Clarity Potion | 2 | |
| Scroll of Regeneration | 1 | |
| Scroll of Town Portal | 1 | |
6 total

»
MH4704 (
yellow | 54 APM | 1022 actions | 18:46)
3 Keeper of the Grove
2 Force of Nature
1 Entangling Roots
3 Priestess of the Moon
2 Trueshot Aura
1 Searing Arrows
» actions
| Assign group hotkey | 15 | |
| Basic commands | 94 | |
| Build / train | 55 | |
| ESC pressed | 10 | |
| Enter build submenu | 27 | |
| Enter hero's abilities submenu | 6 | |
| Right click | 411 | |
| Select / deselect | 262 | |
| Select group hotkey | 80 | |
| Use ability | 62 | |
1022 total
» units
| Wisp | 33 | |
| Hippogryph | 5 | |
| Chimaera | 6 | |
44 total
» buildings
| Moon Well | 6 | |
| Altar of Elders | 1 | |
| Tree of Ages | 1 | |
| Hunter's Hall | 1 | |
| Tree of Eternity | 1 | |
| Ancient of Wind | 1 | |
| Tree of Life | 4 | |
| Ancient Protector | 4 | |
| Chimaera Roost | 2 | |
21 total
» build order
00:19 Moon Well
00:50 Altar of Elders
01:52 Tree of Ages
02:20 Hunter's Hall
02:35 Moon Well
04:19 Tree of Eternity
04:22 Ancient of Wind
05:26 Tree of Life
06:56 Ancient Protector
08:31 Chimaera Roost
10:04 Moon Well
11:01 Tree of Life
11:48 Moon Well
12:07 Ancient Protector
12:35 Chimaera Roost
13:20 Tree of Life
13:26 Ancient Protector
14:33 Ancient Protector
15:00 Tree of Life
15:03 Moon Well
18:13 Moon Well
2AREDemocracy (
orange | 108 APM | 1204 actions | 11:05)
4 Archmage
2 Summon Water Elemental
2 Brilliance Aura
2 Pandaren Brewmaster
1 Breath of Fire
1 Drunken Haze
» actions
| Assign group hotkey | 49 | |
| Basic commands | 26 | |
| Build / train | 73 | |
| ESC pressed | 1 | |
| Enter build submenu | 30 | |
| Enter hero's abilities submenu | 6 | |
| Give item / drop item | 4 | |
| Right click | 338 | |
| Select / deselect | 194 | |
| Select group hotkey | 392 | |
| Use ability | 91 | |
1204 total
» units
| Peasant | 15 | |
| Footman | 4 | |
| Goblin Shredder | 2 | |
| Rifleman | 4 | |
25 total
» upgrades
| Gunpowder | 2 | |
| Masonry | 2 | |
| Armor | 2 | |
| Long Rifles | 1 | |
| Sorceress Training | 1 | |
8 total
» buildings
| Altar of Kings | 1 | |
| Barracks | 1 | |
| Farm | 5 | |
| Arcane Vault | 1 | |
| Blacksmith | 1 | |
| Lumber Mill | 1 | |
| Town Hall | 1 | |
| Keep | 3 | |
| Scout Tower | 12 | |
| Arcane Tower | 2 | |
| Guard Tower | 6 | |
| Castle | 2 | |
| Arcane Sanctum | 3 | |
39 total
» build order
00:35 Altar of Kings
00:37 Barracks
00:50 Farm
01:03 Farm
01:40 Farm
02:06 Arcane Vault
02:13 Farm
02:35 Farm
03:14 Blacksmith
03:55 Lumber Mill
04:17 Town Hall
06:08 Keep
06:08 Keep
06:08 Keep
06:17 Scout Tower
06:19 Scout Tower
06:21 Scout Tower
06:23 Scout Tower
07:10 Arcane Tower
07:10 Arcane Tower
07:36 Guard Tower
07:36 Guard Tower
07:45 Scout Tower
07:45 Scout Tower
07:46 Scout Tower
07:47 Scout Tower
08:15 Guard Tower
08:15 Guard Tower
08:36 Guard Tower
08:36 Guard Tower
09:06 Castle
09:07 Castle
09:43 Arcane Sanctum
09:44 Arcane Sanctum
10:15 Arcane Sanctum
10:47 Scout Tower
10:48 Scout Tower
10:49 Scout Tower
11:01 Scout Tower
» items
| Scroll of Regeneration | 3 | |
| Mechanical Critter | 6 | |
| Staff of Teleportation | 2 | |
| Periapt of Vitality | 1 | |
| Boots of Speed | 1 | |
| Potion of Healing | 1 | |
14 total
team 2 (loser)
mrbla1 (
green | 70 APM | 1318 actions | 18:46)
4 Mountain King
2 Storm Bolt
2 Bash
» actions
| Basic commands | 5 | |
| Build / train | 54 | |
| Enter build submenu | 19 | |
| Enter hero's abilities submenu | 4 | |
| Give item / drop item | 1 | |
| Right click | 811 | |
| Select / deselect | 368 | |
| Use ability | 55 | |
1318 total
» units
| Peasant | 8 | |
| Footman | 4 | |
| Flying Machine | 8 | |
| Mortar Team | 3 | |
| Siege Engine | 1 | |
24 total
» upgrades
| Gunpowder | 2 | |
| Flare | 1 | |
| Flak Cannons | 1 | |
| Plating | 2 | |
| Barrage | 1 | |
7 total
» buildings
| Altar of Kings | 1 | |
| Farm | 8 | |
| Barracks | 1 | |
| Scout Tower | 3 | |
| Arcane Tower | 1 | |
| Arcane Vault | 1 | |
| Lumber Mill | 1 | |
| Guard Tower | 2 | |
| Keep | 1 | |
| Blacksmith | 1 | |
| Workshop | 3 | |
| Castle | 1 | |
24 total
» build order
00:20 Altar of Kings
00:29 Farm
00:31 Barracks
00:42 Farm
01:47 Scout Tower
02:12 Farm
02:13 Arcane Tower
02:20 Arcane Vault
02:49 Farm
03:00 Scout Tower
03:18 Lumber Mill
04:06 Guard Tower
04:07 Keep
04:14 Blacksmith
04:56 Scout Tower
05:23 Guard Tower
06:56 Workshop
06:57 Workshop
07:00 Workshop
08:30 Farm
08:32 Farm
10:44 Farm
11:32 Castle
» items
| Scroll of Regeneration | 2 | |
| Lesser Clarity Potion | 3 | |
| Mechanical Critter | 2 | |
| Boots of Speed | 1 | |
| Staff of Teleportation | 1 | |
| Orb of Corruption | 1 | |
| Scroll of Town Portal | 3 | |
13 total
CoolSkaterOrc (
purple | 64 APM | 1208 actions | 18:46)
6 Lich
3 Frost Nova
1 Frost Armor
1 Dark Ritual
1 Death and Decay
» actions
| Assign group hotkey | 25 | |
| Basic commands | 3 | |
| Build / train | 49 | |
| ESC pressed | 1 | |
| Enter build submenu | 14 | |
| Enter hero's abilities submenu | 6 | |
| Give item / drop item | 2 | |
| Right click | 507 | |
| Select / deselect | 241 | |
| Select group hotkey | 289 | |
| Use ability | 71 | |
1208 total
» units
| Acolyte | 2 | |
| Ghoul | 3 | |
| Crypt Fiend | 9 | |
| Obsidian Statue | 5 | |
| Necromancer | 4 | |
23 total
» upgrades
| Necromancer Training | 2 | |
| Web | 1 | |
| Creature Carapace | 2 | |
| Destroyer Form | 1 | |
6 total
» buildings
| Ziggurat | 7 | |
| Crypt | 1 | |
| Altar of Darkness | 1 | |
| Nerubian Tower | 1 | |
| Graveyard | 1 | |
| Tomb of Relics | 1 | |
| Halls of the Dead | 1 | |
| Black Citadel | 1 | |
| Slaughterhouse | 1 | |
| Temple of the Damned | 1 | |
16 total
» build order
00:06 Ziggurat
00:08 Crypt
00:34 Altar of Darkness
01:01 Nerubian Tower
01:27 Graveyard
01:38 Tomb of Relics
02:04 Ziggurat
03:37 Ziggurat
05:05 Halls of the Dead
07:38 Black Citadel
07:42 Slaughterhouse
07:43 Temple of the Damned
14:01 Ziggurat
14:03 Ziggurat
16:45 Ziggurat
16:46 Ziggurat
» items
| Rod of Necromancy | 2 | |
| Boots of Speed | 1 | |
| Circlet of Nobility | 1 | |
| Scroll of Town Portal | 4 | |
| Staff of Teleportation | 1 | |
| Orb of Corruption | 1 | |
10 total
OLIM2 (
teal | 61 APM | 1136 actions | 18:46)
6 Mountain King
3 Storm Bolt
2 Bash
1 Avatar
» actions
| Assign group hotkey | 22 | |
| Basic commands | 1 | |
| Build / train | 61 | |
| Enter build submenu | 24 | |
| Enter hero's abilities submenu | 6 | |
| Give item / drop item | 1 | |
| Remove unit from queue | 2 | |
| Right click | 489 | |
| Select / deselect | 176 | |
| Select group hotkey | 304 | |
| Use ability | 50 | |
1136 total
» units
| Peasant | 7 | |
| Footman | 4 | |
| Rifleman | 10 | |
| Mortar Team | 7 | |
28 total
» upgrades
| Gunpowder | 1 | |
| Long Rifles | 1 | |
| Armor | 1 | |
| Masonry | 2 | |
5 total
» buildings
| Altar of Kings | 1 | |
| Farm | 10 | |
| Barracks | 1 | |
| Scout Tower | 5 | |
| Arcane Tower | 1 | |
| Lumber Mill | 1 | |
| Blacksmith | 1 | |
| Arcane Vault | 1 | |
| Guard Tower | 2 | |
| Keep | 1 | |
| Workshop | 1 | |
| Castle | 1 | |
| Town Hall | 1 | |
27 total
» build order
00:10 Altar of Kings
00:15 Farm
00:28 Barracks
00:55 Farm
01:36 Scout Tower
01:53 Farm
02:02 Arcane Tower
02:26 Lumber Mill
02:39 Blacksmith
03:32 Scout Tower
03:46 Arcane Vault
04:00 Guard Tower
04:58 Farm
05:40 Farm
05:56 Keep
06:20 Farm
07:37 Farm
08:22 Workshop
09:50 Farm
10:37 Farm
12:52 Farm
15:34 Scout Tower
15:36 Scout Tower
16:07 Guard Tower
17:03 Castle
17:11 Scout Tower
17:43 Town Hall
» items
| Scroll of Regeneration | 6 | |
| Lesser Clarity Potion | 2 | |
| Scroll of Town Portal | 2 | |
| Potion of Healing | 3 | |
| Potion of Mana | 1 | |
14 total
XtremelyDngerus (
pink | 58 APM | 1096 actions | 18:46)
7 Archmage
3 Summon Water Elemental
3 Brilliance Aura
1 Mass Teleport
» actions
| Assign group hotkey | 34 | |
| Basic commands | 41 | |
| Build / train | 63 | |
| Enter build submenu | 34 | |
| Enter hero's abilities submenu | 7 | |
| Give item / drop item | 3 | |
| Right click | 511 | |
| Select / deselect | 244 | |
| Select group hotkey | 82 | |
| Use ability | 77 | |
1096 total
» units
| Peasant | 12 | |
| Footman | 4 | |
| Goblin Shredder | 1 | |
| Gryphon Rider | 4 | |
| Goblin Sapper | 2 | |
23 total
» upgrades
| Masonry | 3 | |
| Storm Hammers | 1 | |
| Swords | 3 | |
| Armor | 3 | |
| Animal War Training | 1 | |
| Cloud | 1 | |
12 total
» buildings
| Altar of Kings | 1 | |
| Barracks | 1 | |
| Farm | 5 | |
| Scout Tower | 17 | |
| Arcane Tower | 1 | |
| Lumber Mill | 1 | |
| Keep | 1 | |
| Town Hall | 1 | |
| Arcane Vault | 1 | |
| Guard Tower | 3 | |
| Castle | 1 | |
| Gryphon Aviary | 4 | |
| Blacksmith | 2 | |
39 total
» build order
00:46 Altar of Kings
00:48 Barracks
00:51 Farm
00:52 Farm
01:04 Farm
01:32 Farm
01:54 Scout Tower
02:58 Arcane Tower
03:22 Lumber Mill
04:03 Keep
04:36 Town Hall
05:12 Scout Tower
05:12 Scout Tower
05:13 Scout Tower
05:14 Scout Tower
05:22 Arcane Vault
06:14 Guard Tower
06:49 Castle
06:55 Scout Tower
06:56 Scout Tower
06:56 Scout Tower
06:57 Scout Tower
06:58 Scout Tower
06:59 Scout Tower
07:03 Scout Tower
07:05 Scout Tower
07:38 Guard Tower
09:41 Gryphon Aviary
09:42 Gryphon Aviary
09:42 Gryphon Aviary
09:43 Gryphon Aviary
09:47 Blacksmith
09:49 Blacksmith
09:52 Farm
10:21 Scout Tower
10:23 Scout Tower
10:24 Scout Tower
10:26 Scout Tower
11:48 Guard Tower
» items
| Scroll of Regeneration | 4 | |
| Mechanical Critter | 2 | |
| Scroll of Town Portal | 4 | |
| Lesser Clarity Potion | 1 | |
| Staff of Sanctuary | 1 | |
| Potion of Healing | 2 | |
14 total
Chat log
(00:59 / Allies) CoolSkaterOrc: units and heroes?
(01:06 / Allies) OLIM2: mk rifel morts
(01:11 / Allies) OLIM2: rifle
(01:15 / Allies) CoolSkaterOrc: spiders and skull mage
(06:18 / Allies) CoolSkaterOrc: green
(06:20 / Allies) CoolSkaterOrc: hit?
(07:19 / Allies) XtremelyDngerus: brb
(09:35 / Allies) XtremelyDngerus: bak
(13:11 / All) XtremelyDngerus: mher lol
(15:43 / Allies) mrbla1: going copter
(18:29 / All) XtremelyDngerus: ya'll love me?
(18:30 / Allies) OLIM2: gg
(18:34 / All) mrbla1: know when you are beat
(18:45 / All) XtremelyDngerus: I leave, have food to wtch lol